 Dungeon Crawl Stone Soup version 0.28.0-43-g3370ac3207 (webtiles) character file.

Game seed: 15115899140325750984

482 NinjaNoafa the Skirmisher (level 7, -4/60 HPs)
             Began as a Hill Orc Fighter on Apr 1, 2022.
             Was a High Priest of Elyvilon.
             Slain by a gnoll sergeant
             ... wielding a +0 trident
              (5 damage)
             ... on level 5 of the Dungeon.
             The game lasted 00:15:06 (4878 turns).

NinjaNoafa the Skirmisher (Hill Orc Fighter)        Turns: 4878, Time: 00:15:06

Health: -4/60      AC:  7    Str: 20 (21) XL:     7   Next: 12%
Magic:  6/8        EV: 10    Int:  8      God:    Elyvilon [*****.]
Gold:   126        SH:  4    Dex:  8 (10) Spells: 6/6 levels left

rFire   . . .      SeeInvis +   a - +2 war axe
rCold   . . .      Faith    +   c - +0 buckler
rNeg    . . .      Spirit   .   m - +0 ring mail {rPois}
rPois   +          Reflect  .   (no helmet)
rElec   .          Harm     .   (no cloak)
rCorr   .          Rampage  .   (no gloves)
Will    +....                   d - +0 pair of boots
Stlth   ..........              h - amulet of faith
HPRegen 0.20/turn               j - ring of willpower
MPRegen 0.11/turn               u - ring of see invisible

@: no status effects
A: no striking features
a: Renounce Religion, Purification, Heal Other, Heal Self, Divine Vigour


You were on level 5 of the Dungeon.
You worshipped Elyvilon.
Elyvilon was extremely pleased with you.
You visited 1 branch of the dungeon, and saw 5 of its levels.

You collected 126 gold pieces.

Inventory:

Hand Weapons
 a - a +2 war axe (weapon)
 i - a +0 flail of holy wrath
 p - a +0 dire flail
 t - a +0 hunting sling
Missiles
 e - 135 stones (quivered)
Armour
 b - a +0 scale mail
 c - a +0 buckler (worn)
 d - a +0 pair of boots (worn)
 m - a +0 ring mail of poison resistance (worn)
 o - a +0 plate armour
Magical Staves
 f - a staff of earth
Jewellery
 h - an amulet of faith (around neck)
 j - a ring of willpower (left hand)
 u - a ring of see invisible (right hand)
Wands
 g - a wand of polymorph (7)
Scrolls
 r - 3 scrolls of identify


   Skills:
 + Level 4.6 Fighting
 + Level 4.1 Axes
 - Level 1.5 Staves
 + Level 4.1 Armour
 + Level 4.2 Shields
 * Level 0.9 Conjurations
 - Level 2.7 Earth Magic
 + Level 2.3 Invocations
 - Level 2.7 Evocations


You had 6 spell levels left.
You didn't know any spells.
Your spell library contained the following spells:

 Spells                   Type           Power      Damage    Failure   Level
 Fulminant Prism          Conj/Hex       0%         3d6       100%        4
 Iskenderun's Mystic Bla  Conj/Tloc      0%         2d3       100%        4
 Lee's Rapid Deconstruct  Erth           2%         3d5*      100%        5


Dungeon Overview and Level Annotations

Branches:
Dungeon (5/15)             Temple (0/1) D:4

Altars:
Elyvilon
Yredelemnul

Shops:
D:5 (


Message History

Cleave: a) +2 war axe
Press: ? - help, Dir - move target, f - phantom
Aim: a phantom (about 54% to evade your +2 war axe)
You closely miss the phantom. You slash the gnoll! You slash the ogre!
You kill the ogre!
The phantom hits you but does no damage.
The gnoll barely misses you. The gnoll hits you but does no damage.
You feel your intelligence returning.
Your Axes skill increases to level 4!
You have reached level 7!
Aiming: Polymorph
Press: ? - help, Shift-Dir - straight line, f - gnoll, p - phantom
Aim: a gnoll, wielding a +0 club (will become a dart slug, a bat, or a howler monkey, chance to affect: 64%)
The gnoll struggles to resist.
The phantom hits you but does no damage.
The gnoll hits you with a +0 flail.
The gnoll hits you from afar with a +0 spear.
A gnoll comes into view. It is wielding a +0 spear.
The gnoll misses you. Something appears at your feet!
You block the phantom's attack. The gnoll barely misses you. x2
The gnoll sergeant hits you from afar with a +0 trident!
* * * LOW HITPOINT WARNING * * *
The gnoll hits you with a +0 club.
* * * LOW HITPOINT WARNING * * *
Okay, then.
You are healed.
The phantom hits you!
* * * LOW HITPOINT WARNING * * *
The gnoll barely misses you. The gnoll closely misses you.
The gnoll sergeant barely misses you. The gnoll hits you with a +0 club.
* * * LOW HITPOINT WARNING * * *
You closely miss the gnoll.
The gnoll is heavily wounded.
You hit the gnoll but do no damage. You slash the phantom!
The phantom barely misses you. The gnoll hits you with a +0 flail!
* * * LOW HITPOINT WARNING * * *
The gnoll hits you from afar with a +0 spear.
* * * LOW HITPOINT WARNING * * *
The gnoll sergeant hits you from afar with a +0 trident.
You die...

*,,,,,,*..**,,,,*********,
******,*#.#,,*###########,
*,*#..,**#.........#* #,##.$**
#.........# **#.#..#* #.........#
****,,,...#####........(#
**,,,,*#,#.#.......>....†##
*,,*####.#W..##########.... #
*,**#....g@### #.... #
**,*#..##..g# ####...
######..,,,**##gg# ****#......
'.......,,,,,,...#*****,....##...
#.o....#*****##...,,,,..######...
..####.# #g#.***,...........
..o....* **#.*.,***#########..
..#####******,..,..* #.. .##*
**,,,,,,*,,*,** #..


You could see a phantom, a gnoll sergeant and 4 gnolls.

Vanquished Creatures
  An ogre (D:5)
  Blork the orc (D:4)
  A bullfrog (D:5)
  A centaur zombie (D:5)
  A hound (D:4)
  A centaur skeleton (D:5)
  7 gnolls (D:4)
  3 adders
  An ufetubus (D:5)
  2 adder skeletons (D:2)
  A dart slug (D:2)
  7 orcs
  3 endoplasms
  4 giant cockroaches (D:1)
  7 goblins
  7 hobgoblins
  3 jackals (D:1)
  2 quokkas
  5 ball pythons
  3 bats
  9 frilled lizards
  6 kobolds
  4 rats
80 creatures vanquished.

Notes
Turn   | Place    | Note
-------+----------+-------------------------------------------
     0 | D:1      | NinjaNoafa the Hill Orc Fighter began the quest for the
                  | Orb.
     0 | D:1      | Reached XP level 1. HP: 19/19 MP: 1/1
   174 | D:1      | Reached XP level 2. HP: 26/27 MP: 2/2
   218 | D:1      | Found a faded altar of an unknown god.
   230 | D:1      | Prayed at the altar of an unknown god.
   230 | D:1      | Became a worshipper of Elyvilon the Healer
   230 | D:1      | Reached * piety under Elyvilon
   520 | D:1      | Reached ** piety under Elyvilon
   602 | D:2      | Reached XP level 3. HP: 32/33 MP: 3/3
   866 | D:2      | Reached skill level 1 in Invocations
   974 | D:2      | Found a basalt altar of Yredelemnul.
  1340 | D:2      | Reached XP level 4. HP: 40/40 MP: 4/4
  1344 | D:2      | Reached *** piety under Elyvilon
  1963 | D:3      | Reached skill level 1 in Earth Magic
  1963 | D:3      | Reached skill level 1 in Evocations
  2142 | D:3      | Reached **** piety under Elyvilon
  2477 | D:4      | Noticed Blork the orc
  2486 | D:4      | Killed Blork the orc
  2487 | D:4      | Reached XP level 5. HP: 32/46 MP: 6/6
  2932 | D:4      | Reached skill level 1 in Staves
  2932 | D:4      | Reached XP level 6. HP: 27/52 MP: 7/7
  3211 | D:4      | HP: 2/52 [poisoned by a gnoll]
  3212 | D:4      | Elyvilon protects you from harm!
  3212 | D:4      | Elyvilon protects you from harm!
  3227 | D:4      | HP: 2/52 [poisoned by a gnoll]
  3229 | D:4      | Elyvilon protects you from harm!
  3230 | D:4      | Elyvilon protects you from harm!
  3998 | D:4      | Found a staircase to the Ecumenical Temple.
  4019 | D:4      | Reached ***** piety under Elyvilon
  4545 | D:5      | Entered Level 5 of the Dungeon
  4548 | D:5      | Found Plog's Weapon Shop.
  4873 | D:5      | Identified a scroll of acquirement
  4875 | D:5      | Reached XP level 7. HP: 29/60 MP: 8/8
  4876 | D:5      | Acquired 600 gold pieces
  4878 | D:5      | HP: 1/60 [gnoll/+0 spear (5)]
  4878 | D:5      | Slain by a gnoll sergeant

Illustrated notes

Levels and vault maps discovered:
D:1:      mrwooster_arrival_statue_2, layout_basic, basic_ecumenical_altar
D:2:      layout_loops_corners, basic_altar, roderic_three_in_a_row,
          minmay_misc_feat_tower
D:3:      layout_basic, minmay_goblin_outpost
D:4:      layout_basic, minmay_temple_entry_hall, uniq_blork_the_orc
D:5:      layout_rooms, serial_shops, nicolae_shop_behind_doors, serial_glass,
          glass_columns_a, glass_columns_b

Skill      XL: |  1  2  3  4  5  6 |
---------------+-------------------+-----
Axes           | 3 4 |  4.1
Invocations    | 1 2 |  2.3
Fighting       | 4 |  4.6
Earth Magic    | 2 |  2.7
Evocations     | 2 |  2.7
Staves         | 1 |  1.5
Shields        | 4 |  4.2
Armour         | 4 |  4.1
Conjurations   | |  0.9

Action                   |  1- 3 |  4- 6 |  7- 9 || total
-------------------------+-------+-------+-------++-------
Melee: War axe           |    70 |    57 |     1 ||   128
       Staff             |    28 |   123 |       ||   151
 Fire: Hunting sling     |       |    12 |       ||    12
Throw: Stone             |     6 |     2 |       ||     8
Invok: Heal Self         |       |     1 |     1 ||     2
Evoke: Wand              |       |       |     1 ||     1
  Use: Scroll            |     1 |     9 |     1 ||    11
       Potion            |       |     6 |       ||     6
Armor: Scale mail        |    62 |     5 |       ||    67
       Plate armour      |       |   113 |       ||   113
       Ring mail         |       |    23 |     1 ||    24
Dodge: Dodged            |    53 |    93 |     7 ||   153
Block: Buckler           |    22 |    58 |     1 ||    81
